 Dungeon Crawl Stone Soup version 0.28-a0-863-g8cecda6153 (webtiles) character file.

Game seed: 18445976431749123986

17 horus123 the Grave Robber (level 2, 0/15 HPs)
             Began as a Deep Elf Necromancer on Nov 19, 2021.
             Slain by a jackal (3 damage)
             ... on level 1 of the Dungeon.
             The game lasted 00:01:12 (502 turns).

horus123 the Grave Robber (Deep Elf Necromancer)     Turns: 502, Time: 00:01:12

Health: 0/15       AC:  2    Str:  5    XL:     2   Next: 44%
Magic:  1/8        EV: 12    Int: 19    God:
Gold:   11         SH:  0    Dex: 15    Spells: 6/7 levels left

rFire   . . .      SeeInvis .   (no weapon)
rCold   . . .      Faith    .   (no shield)
rNeg    . . .      Spirit   .   a - +0 robe
rPois   .          Reflect  .   (no helmet)
rElec   .          Harm     .   b - scarf {repulsion}
rCorr   .          Rampage  .   (no gloves)
Will    .....                   (no boots)
Stlth   ++........              (no amulet)
HPRegen 0.05/turn               (no ring)
MPRegen 0.11/turn               (no ring)

@: brilliant, studying Shields, repel missiles
A: no striking features
a: no special abilities


You were on level 1 of the Dungeon.
You visited 1 branch of the dungeon, and saw 1 of its levels.

You collected 11 gold pieces.

Inventory:

Armour
 a - a +0 robe (worn)
 b - a scarf of repulsion (worn)


   Skills:
 + Level 2.6 Dodging
 + Level 2.5 Stealth
 + Level 3.3 Spellcasting
 + Level 5.3 Necromancy


You had 6 spell levels left.
You knew the following spells:

 Your Spells              Type           Power      Damage    Failure   Level
a - Pain                  Necr           100%       1d9       1%          1

Your spell library contained the following spells:

 Spells                   Type           Power      Damage    Failure   Level
 Animate Skeleton         Necr           70%        N/A       1%          1
 Vampiric Draining        Necr           35%        2d8       4%          3
 Animate Dead             Necr           17%        N/A       16%         4
 Agony                    Necr           35%        N/A       41%         5


Dungeon Overview and Level Annotations

Branches:
Dungeon (1/15)

Altars:


Message History

The kobold hits the plant with a +0 dagger.
The plant begins to die.
The ball python barely misses you. The ball python grabs you.
The ball python constricts you.
The ball python writhes in agony!
You kill the ball python!
A nearby plant withers and dies.
Things that are here:
a +0 dagger; a kobold corpse A nearby plant withers and dies.
Your magical contamination has completely faded away.
The hobgoblin writhes in agony.
You miscast Pain.
You are very lightly contaminated with residual magic.
Nothing appears to happen.
The hobgoblin closely misses you.
Aiming: Pain (safe; 1% risk of failure)
Press: ? - help, Q - select action Shift-Dir - straight line, f/p - hobgoblin
Aim: a hobgoblin (moderately wounded, chance to affect: 92%)
The hobgoblin writhes in agony.
You kill the hobgoblin!
The kobold throws a stone.
The stone hits you.
Aiming: Pain (safe; 1% risk of failure)
Press: ? - help, Q - select action Shift-Dir - straight line, f - kobold
Aim: a kobold, wielding a +0 dagger and quivering stones (chance to affect: 92%)
The kobold barely resists.
The kobold closely misses you.
A jackal comes into view.
The kobold throws a stone.
The stone closely misses you.
Your magical contamination has completely faded away.
Aiming: Pain (safe; 1% risk of failure)
Press: ? - help, Q - select action Shift-Dir - straight line, f/p - kobold
Aim: a kobold, wielding a +0 dagger and quivering stones (chance to affect: 92%)
The kobold writhes in agony.
You kill the kobold!
The jackal barely misses you. The jackal bites you.
* * * LOW HITPOINT WARNING * * *
It was a potion of brilliance.
You feel clever all of a sudden.
The jackal bites you but does no damage.
The jackal bites you.
You die...

#.# ♣♣≈≈≈P≈≈≈≈≈≈≈.
♣≈≈≈≈≈≈≈P≈≈♣#
########♣♣♣≈≈≈≈≈≈≈P♣
#.......♣P≈P≈≈≈≈≈♣≈
.###......≈♣≈≈≈≈≈≈≈≈≈P
..........♣≈≈≈≈≈≈≈≈≈P≈
##......♣≈≈≈≈≈≈≈≈≈≈≈
#....h.♣)P≈≈≈≈≈≈≈≈≈
#...)@.≈♣♣≈≈≈≈≈≈≈≈≈
#.....†≈≈≈≈≈≈≈≈≈≈≈≈
#......♣♣≈≈≈≈≈≈≈≈≈
#......≈♣≈≈≈≈≈≈≈≈≈
#......≈♣♣P≈≈≈≈≈≈≈
######..PP≈≈≈≈≈≈≈
##.♣≈≈≈≈PP .≈≈≈≈P≈≈
.≈♣≈≈


You could see a jackal.

Vanquished Creatures
  An endoplasm (D:1)
  2 goblins (D:1)
  3 hobgoblins (D:1)
  2 kobolds (D:1)
  5 ball pythons (D:1)
  A rat (D:1)
14 creatures vanquished.

Vanquished Creatures (others)
  5 plants (D:1)
5 creatures vanquished.

Grand Total: 19 creatures vanquished

Notes
Turn   | Place    | Note
-------+----------+-------------------------------------------
     0 | D:1      | horus123 the Deep Elf Necromancer began the quest for the
                  | Orb.
     0 | D:1      | Reached XP level 1. HP: 10/10 MP: 6/6
   118 | D:1      | Reached skill level 5 in Necromancy
   365 | D:1      | Reached XP level 2. HP: 13/15 MP: 4/8
   502 | D:1      | Slain by a jackal

Illustrated notes

Levels and vault maps discovered:
D:1:      dpeg_arrival_connections, layout_basic, serial_bayou_lake_a

Skill      XL: |  1 |
---------------+----+-----
Necromancy     | 5 |  5.3
Dodging        | |  2.6
Stealth        | |  2.5
Spellcasting   | |  3.3

Action                   || total
-------------------------++-------
 Cast: Pain              ||    21
  Use: Potion            ||     1
Armor: Robe              ||     1
Dodge: Dodged            ||     6

Table legend: (Time is in decaauts)
 A = Elapsed time spent in this place.
 B = Non-inter-level travel time spent in this place.
 C = Inter-level travel time spent in this place.
 D = Time resting spent in this place.
 E = Time spent auto-exploring this place.
 F = Levels seen in this place.
 G = Mean time per level.
                   A        B        C        D        E       F      G
               +--------+--------+--------+--------+--------+-----+--------+
         Total |    510 |    510 |      0 |    175 |    254 |   1 |  510.0 |
       Dungeon |    510 |    510 |      0 |    175 |    254 |   1 |  510.0 |
               +--------+--------+--------+--------+--------+-----+--------+

Top non-repeatable levels by time:
     D:1: 510 daAuts
